 Dungeon Crawl Stone Soup version 0.27-a0-1219-g958d993ae5 (webtiles) character file.

Game seed: 15194539269980780723

180 freelancePsychic the Firebug (level 5, -2/28 HPs)
             Began as a Gargoyle Fire Elementalist on June 6, 2021.
             Slain by a sky beast (3 damage)
             ... on level 6 of the Dungeon.
             The game lasted 00:03:26 (2205 turns).

freelancePsychic the Firebug (GrFE)                 Turns: 2205, Time: 00:03:27

Health: -2/28      AC:  8    Str: 12    XL:     5   Next: 60%
Magic:  9/10       EV: 11    Int: 16    God:
Gold:   54         SH:  0    Dex: 10    Spells: 9/10 levels left

rFire    . . .     SeeInvis .   e - +1 trident (venom)
rCold    . . .     Faith    .   (no shield)
rNeg     + . .     Spirit   .   a - +1 robe
rPois    ∞         Reflect  .   (no helmet)
rElec    +         Harm     .   b - +0 cloak
rCorr    +         Rampage  .   (no gloves)
Will     .....                  (no boots)
Stlth    +.........             (no amulet)
HPRegen  0.09/turn              d - ring of resist corrosion
MPRegen  0.12/turn              (no ring)

@: silenced
A: sickness immunity, AC +4, negative energy resistance 1, electricity
resistance, torment resistance 1, petrification resistance
a: no special abilities


You were on level 6 of the Dungeon.
You visited 1 branch of the dungeon, and saw 4 of its levels.

You collected 54 gold pieces.

Inventory:

Hand Weapons
 e - a +1 trident of venom (weapon)
Armour
 a - a +1 robe (worn)
 b - a +0 cloak (worn)
Jewellery
 d - a ring of resist corrosion (left hand)
Scrolls
 f - a scroll of amnesia {unknown}
 g - a scroll of blinking {unknown}


   Skills:
 - Level 1.5 Dodging
 - Level 2.1 Stealth
 + Level 3.4 Spellcasting
 + Level 3.4 Conjurations
 + Level 4.2 Fire Magic


You had 9 spell levels left.
You knew the following spells:

 Your Spells              Type           Power      Damage    Failure   Level
a - Foxfire               Conj/Fire      56%        2x1d6     3%          1

Your spell library contained the following spells:

 Spells                   Type           Power      Damage    Failure   Level
 Conjure Flame            Conj/Fire      14%        6-21      11%         3
 Inner Flame              Hex/Fire       9%         N/A       22%         3
 Sticky Flame             Conj/Fire      14%        2d4       36%         4
 Fireball                 Conj/Fire      7%         3d5       71%         5


Dungeon Overview and Level Annotations

Branches:
Dungeon (3/15)

Altars:


Innate Abilities, Weirdness & Mutations

You are immune to sickness and miasma.
Your stone body is resilient. (AC +4)
You are immune to poison.
You resist negative energy. (rN+)
You are resistant to electric shocks. (rElec)
You are resistant to unholy torment.
You are immune to petrification.


Message History

The centaur zombie hits you.
* * * LOW HITPOINT WARNING * * *
The centaur zombie completely misses you.
The scorpion barely misses you.
You hit the scorpion.
The scorpion looks as sick as possible!
The scorpion is severely wounded.
You kill the scorpion!
The centaur zombie hits you.
* * * LOW HITPOINT WARNING * * *
The centaur zombie completely misses you.
The centaur zombie barely misses you. The centaur zombie closely misses you.
Your Spellcasting skill increases to level 3!
Your Conjurations skill increases to level 3!
Your Fire Magic skill increases to level 4!
You have reached level 5!
You aren't carrying any potions.
You hit the centaur zombie but do no damage.
The centaur zombie is moderately damaged.
The centaur zombie hits you.
* * * LOW HITPOINT WARNING * * *
The centaur zombie kicks you but does no damage.
You puncture the centaur zombie!
The centaur zombie is heavily damaged.
The centaur zombie closely misses you. The centaur zombie barely misses you.
The centaur zombie hits you but does no damage.
The centaur zombie kicks you but does no damage.
You puncture the centaur zombie!
The centaur zombie is severely damaged.
The centaur zombie hits you but does no damage.
The centaur zombie kicks you but does no damage.
The centaur zombie barely misses you. The centaur zombie misses you.
You hit the centaur zombie.
The centaur zombie is almost destroyed.
The centaur zombie closely misses you.
The centaur zombie kicks you but does no damage.
You hit the centaur zombie.
You destroy the centaur zombie!
The sky beast hits you but does no damage.
The sky beast hits you.
You die...

####+## ####
.......###Y.#
#...@##
#.....###
#........ #
##.##..##...
##.#. #....
.###
##....##.###
# #..^.....#
.....######
.##


You could see a sky beast.

Vanquished Creatures
  A scorpion (D:6)
  A centaur zombie (D:6)
  A bullfrog skeleton (D:3)
  2 adders
  A dart slug (D:2)
  2 endoplasms
  5 giant cockroaches
  2 hobgoblins
  4 jackals (D:2)
  4 kobolds (D:2)
  2 quokkas
  4 ball pythons
  3 frilled lizards
  3 goblins (D:2)
  7 rats
42 creatures vanquished.

Vanquished Creatures (others)
  117 foxfires
117 creatures vanquished.

Grand Total: 159 creatures vanquished

Notes
Turn   | Place    | Note
-------+----------+-------------------------------------------
     0 | D:1      | freelancePsychic the Gargoyle Fire Elementalist began the
                  | quest for the Orb.
     0 | D:1      | Reached XP level 1. HP: 10/10 MP: 3/3
   357 | D:1      | Reached XP level 2. HP: 15/15 MP: 1/5
   461 | D:1      | You fall into a shaft and drop 1 floor!
   966 | D:2      | Reached XP level 3. HP: 10/19 MP: 0/6
  1607 | D:2      | Found a faded altar of an unknown god.
  2046 | D:3      | Reached XP level 4. HP: 18/24 MP: 2/8
  2185 | D:3      | You fall into a shaft and drop 3 floors!
  2186 | D:6      | Noticed a sky beast
  2188 | D:6      | Noticed a scorpion
  2199 | D:6      | Killed a scorpion
  2200 | D:6      | Reached skill level 4 in Fire Magic
  2200 | D:6      | Reached XP level 5. HP: 4/28 MP: 9/9
  2200 | D:6      | HP: 1/28 [centaur zombie (4)]
  2205 | D:6      | Slain by a sky beast

Illustrated notes

Levels and vault maps discovered:
D:1:      dpeg_arrival_ratfight, layout_basic
D:2:      layout_basic, shapermc_ecumenical_altar_venn, st_stairs_12,
          minmay_misc_feat_chi
D:3:      layout_basic, uniq_sigmund, uniq_jessica
D:6:      layout_rooms, minmay_temple_entry_junction,
          nicolae_ossuary_entry_catacombs, hangedman_minor_gate_pass

Skill      XL: |  1  2  3  4 |
---------------+-------------+-----
Conjurations   | 2 3 |  3.4
Spellcasting   | 3 |  3.4
Fire Magic     | 4 |  4.2
Dodging        | |  1.5
Stealth        | |  2.1

Action                   |  1- 3 |  4- 6 || total
-------------------------+-------+-------++-------
Melee: Unarmed           |    39 |       ||    39
       Trident           |    24 |    12 ||    36
 Cast: Foxfire           |    58 |     9 ||    67
  Use: Scroll            |     3 |     1 ||     4
 Stab: Sleeping          |     4 |       ||     4
Armor: Robe              |    32 |    14 ||    46
Dodge: Dodged            |    48 |    16 ||    64

Table legend: (Time is in decaauts)
 A = Elapsed time spent in this place.
 B = Non-inter-level travel time spent in this place.
 C = Inter-level travel time spent in this place.
 D = Time resting spent in this place.
 E = Time spent auto-exploring this place.
 F = Levels seen in this place.
 G = Mean time per level.
                   A        B        C        D        E       F      G
               +--------+--------+--------+--------+--------+-----+--------+
         Total |   2213 |   2143 |     70 |    179 |   1640 |   4 |  553.2 |
       Dungeon |   2213 |   2143 |     70 |    179 |   1640 |   4 |  553.2 |
               +--------+--------+--------+--------+--------+-----+--------+

Top non-repeatable levels by time:
     D:2: 1503 daAuts
     D:1: 461 daAuts
     D:3: 226 daAuts
     D:6: 23 daAuts
